 Dungeon Crawl Stone Soup version 0.26-a0-1106-g6dfc622489 (webtiles) character file.

Game seed: 17539407257189458289

310 Delamore the Skirmisher (level 6, -5/40 HPs)
             Began as a Gargoyle Fighter on Dec 16, 2020.
             Was an Initiate of Qazlal.
             Splashed by Ijyb's acid (11 damage)
             ... on level 4 of the Dungeon.
             The game lasted 00:03:29 (3665 turns).

Delamore the Skirmisher (Gargoyle Fighter)          Turns: 3665, Time: 00:03:30

Health: -5/40      AC:  9    Str: 22    XL:     6   Next: 41%
Magic:  6/6        EV:  7    Int:  8    God:    Qazlal [......]
Gold:   192        SH: 10    Dex:  9    Spells: 5/5 levels left

rFire    . . .     SeeInvis .   w - +2 whip (freeze)
rCold    . . .     Faith    .   c - +0 kite shield
rNeg     + . .     Spirit   .   b - +0 scale mail
rPois    ∞         Reflect  .   x - +0 helmet
rElec    +         Harm     .   q - scarf {+Inv}
rCorr    .         Rampage  .   h - +0 pair of gloves
Will     .....                  (no boots)
Stlth    ..........             (no amulet)
HPRegen  0.13/turn              (no ring)
MPRegen  0.10/turn              (no ring)

@: corroded
A: negative energy resistance 1, electricity resistance, unbreathing,
petrification resistance, miasma immunity, AC +4
a: Renounce Religion, Evoke Invisibility


You were on level 4 of the Dungeon.
You worshipped Qazlal.
Qazlal was noncommittal.
You visited 1 branch of the dungeon, and saw 4 of its levels.

You collected 192 gold pieces.

Inventory:

Hand Weapons
 a - a +0 flail
 s - a cursed -3 mace
 w - a +2 whip of freezing (weapon)
Armour
 b - a +0 scale mail (worn)
 c - a +0 kite shield (worn)
 h - a +0 pair of gloves (worn)
 q - a scarf of invisibility (worn)
 x - a +0 helmet (worn)
Scrolls
 e - 3 scrolls of teleportation {unknown}
 g - 5 scrolls of identify {unknown}
 i - 2 scrolls of enchant weapon {unknown}
 k - 2 scrolls of remove curse {unknown}
 p - a scroll of fog {unknown}
 r - a scroll of random uselessness {unknown}
 t - a scroll of blinking {unknown}
 v - a scroll of enchant armour {unknown}
Potions
 d - a potion of might
 f - 4 potions of heal wounds {unknown}
 j - 2 potions of ambrosia {unknown}
 l - a potion of brilliance {unknown}
 m - a potion of attraction {unknown}
 n - a potion of curing {unknown}
 o - 2 potions of lignification {unknown}
 u - a potion of mutation {unknown}


   Skills:
 - Level 5.0 Fighting
 + Level 4.4 Maces & Flails
 - Level 3.2 Armour
 - Level 5.0 Shields


You had 5 spell levels left.
You didn't know any spells.
Your spell library was empty.

Dungeon Overview and Level Annotations

Branches:
Dungeon (4/15)
 Temple: D:4-7

Altars:
Ashenzari
Fedhas
Qazlal
Trog
Wu Jian

Shops:
D:4 [[

Annotations:
D:4 Ijyb


Innate Abilities, Weirdness & Mutations

You are resistant to torment.
Your stone body is resilient. (AC +4)
You are immune to poison.
You resist negative energy. (rN+)
You are resistant to electric shocks. (rElec)
You can survive without breathing.
You are immune to petrification.
You are immune to miasma.


Message History

You are too injured to fight recklessly!
You are too injured to fight recklessly!
You are too injured to fight recklessly!
You are too injured to fight recklessly!
You are too injured to fight recklessly!
You are too injured to fight recklessly!
You are too injured to fight recklessly!
You are too injured to fight recklessly!
You are too injured to fight recklessly!
You are too injured to fight recklessly!
You are too injured to fight recklessly!
You are too injured to fight recklessly!
You are too injured to fight recklessly!
You are too injured to fight recklessly!
You are too injured to fight recklessly!
You are too injured to fight recklessly!
You hit Ijyb but do no damage.
Ijyb zaps a wand.
The bolt of acid hits you!
* * * LOW HITPOINT WARNING * * *
You are splashed with acid!
You die...

#.###†.....##........
##..#...###..#........
#....>......##........
#.......##.## ........
#..##......## #.......
##.##.......# #.......
###........# .....
#........###. ....
###..@......# ....
#...g.....# ....
#.......... ##..
#......##.# ######## #


You could see Ijyb.

Vanquished Creatures
  An iguana (D:4)
  2 worker ants (D:4)
  7 gnolls (D:4)
  7 adders
  3 oozes
  3 worms
  An adder skeleton (D:4)
  A dart slug (D:1)
  3 leopard geckos
  4 orcs
  4 giant cockroaches
  6 goblins
  9 hobgoblins
  10 bats
  4 frilled lizards
  11 kobolds
  A leopard gecko skeleton (D:4)
  6 rats
83 creatures vanquished.

Vanquished Creatures (others)
  A fungus (D:3)
  2 plants (D:3)
3 creatures vanquished.

Grand Total: 86 creatures vanquished

Notes
Turn   | Place    | Note
-------+----------+-------------------------------------------
     0 | D:1      | Delamore the Gargoyle Fighter began the quest for the Orb.
     0 | D:1      | Reached XP level 1. HP: 14/14 MP: 1/1
   173 | D:1      | Reached XP level 2. HP: 17/19 MP: 2/2
   457 | D:1      | Reached XP level 3. HP: 20/24 MP: 3/3
   969 | D:2      | Reached XP level 4. HP: 26/29 MP: 4/4
  1191 | D:2      | Found a bloodstained altar of Trog.
  1628 | D:3      | Found a broken altar of Ashenzari.
  1641 | D:3      | Found an ornate altar of the Wu Jian Council.
  1701 | D:3      | Reached XP level 5. HP: 25/34 MP: 5/5
  2598 | D:3      | Found a stormy altar of Qazlal.
  2606 | D:3      | Found a blossoming altar of Fedhas.
  2614 | D:3      | Became a worshipper of Qazlal Stormbringer
  2851 | D:4      | Found Kacriapy's Antique Armour Shop.
  2983 | D:4      | Found Maoju's Antique Armour Emporium.
  3100 | D:4      | Reached XP level 6. HP: 25/40 MP: 6/6
  3106 | D:4      | Reached skill level 5 in Fighting
  3414 | D:4      | Reached skill level 5 in Shields
  3661 | D:4      | Noticed Ijyb
  3665 | D:4      | Splashed by Ijyb's acid

Illustrated notes

Levels and vault maps discovered:
D:1:      giann_forest_graveyard, layout_rooms, serial_forest,
          infiniplex_forest_clump_medium, infiniplex_forest_lined_3,
          infiniplex_forest_straight_2, infiniplex_forest_end_1,
          infiniplex_forest_pool, infiniplex_forest_lined_room_2,
          chequers_serial_rivers_small_3, minmay_misc_feat_secret_circle,
          wad_floor_pattern_untrapped, minmay_misc_feat_hallway,
          minmay_misc_feat_encased
D:2:      layout_basic, nicolae_overflow_hidden_temple
D:3:      cheibrodos_helix_gallery, layout_basic,
          grunt_temple_overflow_forces_of_nature,
          amethyst_overflow_temple_binary
D:4:      layout_cave_pools, serial_forest, infiniplex_forest_lined_2,
          infiniplex_forest_lined_corner, infiniplex_forest_straight_1,
          infiniplex_forest_diagonal, infiniplex_forest_clump_curved,
          serial_shops, nicolae_shop_crystal, nicolae_shop_stone, shop_statue,
          minmay_misc_feat_ornament, uniq_ijyb

Skill      XL: |  1  2  3  4  5  6 |
---------------+-------------------+-----
Fighting       | 4 5 |  5.0
Shields        | 4 5 |  5.0
Maces & Flails | 3 4 |  4.4
Armour         | |  3.2

Action                   |  1- 3 |  4- 6 || total
-------------------------+-------+-------++-------
Melee: Flail             |    95 |   188 ||   283
       Whip              |       |    14 ||    14
Armor: Scale mail        |    60 |   194 ||   254
Dodge: Dodged            |    40 |    88 ||   128
Block: Kite shield       |    64 |   127 ||   191

Table legend: (Time is in decaauts)
 A = Elapsed time spent in this place.
 B = Non-inter-level travel time spent in this place.
 C = Inter-level travel time spent in this place.
 D = Time resting spent in this place.
 E = Time spent auto-exploring this place.
 F = Levels seen in this place.
 G = Mean time per level.
                   A        B        C        D        E       F      G
               +--------+--------+--------+--------+--------+-----+--------+
         Total |   3777 |   3646 |    131 |    765 |   2171 |   4 |  944.2 |
       Dungeon |   3777 |   3646 |    131 |    765 |   2171 |   4 |  944.2 |
               +--------+--------+--------+--------+--------+-----+--------+

Top non-repeatable levels by time:
     D:2: 1271 daAuts
     D:3: 853 daAuts
     D:4: 827 daAuts
     D:1: 825 daAuts
